 Dungeon Crawl Stone Soup version 0.27-a0-1105-g946c659c87 (webtiles) character file.

Game seed: 942671815968389284

228 HendSelp the Thaumaturge (level 5, -7/28 HPs)
             Began as a Deep Elf Earth Elementalist on Apr 30, 2021.
             Mangled by an orc
             ... wielding a +0 flail
              (9 damage)
             ... on level 4 of the Dungeon.
             The game lasted 00:04:00 (3557 turns).

HendSelp the Thaumaturge (DEEE)                     Turns: 3557, Time: 00:04:01

Health: -7/28      AC:  3    Str:  5    XL:     5   Next: 71%
Magic:  13/17      EV: 12    Int: 27    God:
Gold:   158        SH:  0    Dex: 15    Spells: 17/20 levels left

rFire    . . .     SeeInvis .   (no weapon)
rCold    . . .     Faith    .   (no shield)
rNeg     . . .     Spirit   .   c - +1 robe
rPois    .         Reflect  .   (no helmet)
rElec    .         Harm     .   (no cloak)
rCorr    .         Rampage  .   (no gloves)
Will     .....                  (no boots)
Stlth    ++........             (no amulet)
HPRegen  0.09/turn              d - +6 ring of intelligence
MPRegen  0.15/turn              (no ring)

@: no status effects
A: no striking features
a: no special abilities


You were on level 4 of the Dungeon.
You visited 1 branch of the dungeon, and saw 4 of its levels.

You collected 158 gold pieces.

Inventory:

Missiles
 b - 26 stones
 j - 3 curare-tipped darts
Armour
 c - a +1 robe (worn)
Jewellery
 d - a +6 ring of intelligence (left hand)
Potions
 a - 2 potions of mutation
 e - a potion of ambrosia {unknown}
 f - 3 potions of curing {unknown}
 g - 2 potions of magic {unknown}
 h - 3 potions of heal wounds {unknown}
 l - 3 potions of haste


   Skills:
 - Level 2.4 Dodging
 - Level 2.6 Stealth
 + Level 8.0 Spellcasting
 - Level 1.1 Transmutations
 - Level 3.4 Earth Magic


You had 17 spell levels left.
You knew the following spells:

 Your Spells              Type           Power      Damage    Failure   Level
a - Sandblast             Erth           58%        2d13      1%          1
b - Passwall              Tmut/Erth      19%        N/A       3%          2

Your spell library contained the following spells:

 Spells                   Type           Power      Damage    Failure   Level
 Summon Small Mammal      Summ           40%        N/A       5%          1
 Call Imp                 Summ           10%        N/A       8%          2
 Stone Arrow              Conj/Erth      40%        3d9       8%          3
 Call Canine Familiar     Summ           10%        N/A       16%         3
 Summon Guardian Golem    Hex/Summ       10%        N/A       16%         3
 Petrify                  Tmut/Erth      23%        N/A       21%         4
 Lee's Rapid Deconstruct  Erth           14%        3d10*     36%         5
 Summon Ice Beast         Ice/Summ       10%        N/A       45%         4
 Summon Lightning Spire   Summ/Air       10%        N/A       45%         4


Dungeon Overview and Level Annotations

Branches:
Dungeon (4/15)
 Temple: D:4-7

Altars:

Shops:
D:1 *[?::

Annotations:
D:3 2 transporters, chaostorm's ghost, novice TeFE


Message History

You closely miss the orc. The orc barely misses you. x2
The orc hits you from afar with a +0 trident.
The blast of sand hits the orc!
You kill the orc!
The orc barely misses you. The orc hits you with a +0 flail.
The orc completely misses you.
Your Spellcasting skill increases to level 8!
There are monsters nearby!
The blast of sand hits the orc.
The orc is severely wounded.
The orc hits you with a +0 club. The orc barely misses you.
The orc hits you from afar with a +0 trident.
* * * LOW HITPOINT WARNING * * *
You are too injured to fight recklessly!
There are monsters nearby!
You are too injured to fight recklessly!
You are too injured to fight recklessly!
There are monsters nearby!
You are too injured to fight recklessly!
You are too injured to fight recklessly!
There are monsters nearby!
You are too injured to fight recklessly!
You are too injured to fight recklessly!
You are too injured to fight recklessly!
You are too injured to fight recklessly!
You are too injured to fight recklessly!
Unknown command.
You are too injured to fight recklessly!
Casting: Sandblast (safe; 1% risk of failure)
Confirm with . or Enter, or press ? or * to list all spells.
Aiming: Sandblast (safe; 1% risk of failure)
Press: ? - help, Shift-Dir - straight line, f/p - orc
Aim: an orc, wielding a +0 club and wearing a +0 leather armour (severely wounded, 81% to hit)
The blast of sand hits the orc.
The orc is almost dead.
The orc barely misses you.
The orc hits you from afar with a +0 trident.
* * * LOW HITPOINT WARNING * * *
The orc hits you with a +0 flail!
You die...

###......#
........#......#
................##
.................##
..................##
...................##..
.......>.......))......
..............@oo......
.........).....o.......
...................###.
.................###
........)......###
..............## ###
....#.........# #.#
..............## #.#
...............## #.#


You could see 3 orcs.

Vanquished Creatures
  A phantom (D:3)
  4 gnolls (D:3)
  3 adders
  A worm (D:2)
  4 dart slugs
  4 orcs
  6 endoplasms
  13 giant cockroaches
  10 goblins
  2 hobgoblins (D:2)
  2 quokkas
  5 ball pythons
  6 bats
  A frilled lizard (D:1)
  5 kobolds
  5 rats
72 creatures vanquished.

Vanquished Creatures (others)
  6 plants (D:3)
6 creatures vanquished.

Grand Total: 78 creatures vanquished

Notes
Turn   | Place    | Note
-------+----------+-------------------------------------------
     0 | D:1      | HendSelp the Deep Elf Earth Elementalist began the quest
                  | for the Orb.
     0 | D:1      | Reached XP level 1. HP: 10/10 MP: 6/6
   148 | D:1      | Found Fuys's Armour Shop.
   200 | D:1      | Reached XP level 2. HP: 15/15 MP: 5/8
   260 | D:1      | Found Putzitso's Magic Scroll Shoppe.
   267 | D:1      | Found Raxuloamn's Assorted Antiques.
   616 | D:1      | Reached skill level 4 in Spellcasting
   657 | D:1      | Found Weuthraev's Book Emporium.
   694 | D:1      | Found Ruptaxt's Book Shop.
  1167 | D:2      | Found a faded altar of an unknown god.
  1351 | D:2      | Reached XP level 3. HP: 19/19 MP: 9/11
  1468 | D:2      | Reached skill level 5 in Spellcasting
  2013 | D:2      | Reached XP level 4. HP: 24/24 MP: 11/13
  2044 | D:2      | Learned a level 2 spell: Passwall
  2247 | D:3      | Reached skill level 6 in Spellcasting
  2252 | D:3      | HP: 1/24 [gnoll/+0 spear (11)]
  2795 | D:3      | Reached XP level 5. HP: 28/28 MP: 12/16
  2880 | D:3      | Reached skill level 7 in Spellcasting
  3005 | D:3      | Found a transporter.
  3005 | D:3      | Found a transporter.
  3014 | D:3      | Noticed chaostorm's ghost (novice TeFE)
  3133 | D:3      | Noticed a phantom
  3141 | D:3      | Killed a phantom
  3555 | D:4      | Reached skill level 8 in Spellcasting
  3557 | D:4      | Mangled by an orc

Illustrated notes

Levels and vault maps discovered:
D:1:      evilmike_arrival_rings, layout_basic, serial_co_window_serial,
          co_window_paths_a, co_window_of_opportunity_a, co_window_paths_a,
          co_window_cross_1, co_window_paths_b, co_window_of_opportunity_c,
          co_window_corner_b, co_window_cross_2, co_window_of_opportunity_c,
          co_window_of_opportunity_b, co_window_broadway_b, co_window_4corner_a,
          glass_columns_a, serial_shops, shop_fountains, shop,
          nicolae_shop_waterfront, shop_coins, nicolae_shop_waterfront
D:2:      minmay_roachtagon, layout_basic, ebering_ecumenical_altar_sacrificial
D:3:      layout_rooms, gammafunk_ghost_gnarly_gnolls
D:4:      layout_layer_cave, serial_shops, shop, nicolae_shop_statue_plus,
          nicolae_shop_temple_entry_statues_fountains, shop_statue

Skill      XL: |  1  2  3  4  5 |
---------------+----------------+-----
Spellcasting   | 4 5 6 8 |  8.0
Dodging        | |  2.4
Stealth        | |  2.6
Transmutations | |  1.1
Earth Magic    | |  3.4

Action                   |  1- 3 |  4- 6 || total
-------------------------+-------+-------++-------
Melee: Unarmed           |    10 |     9 ||    19
 Cast: Sandblast         |    52 |    47 ||    99
  Use: Scroll            |       |     8 ||     8
Armor: Robe              |     9 |     2 ||    11
Dodge: Dodged            |    14 |    27 ||    41

Table legend: (Time is in decaauts)
 A = Elapsed time spent in this place.
 B = Non-inter-level travel time spent in this place.
 C = Inter-level travel time spent in this place.
 D = Time resting spent in this place.
 E = Time spent auto-exploring this place.
 F = Levels seen in this place.
 G = Mean time per level.
                   A        B        C        D        E       F      G
               +--------+--------+--------+--------+--------+-----+--------+
         Total |   3555 |   3399 |    156 |      2 |   3000 |   4 |  888.8 |
       Dungeon |   3555 |   3399 |    156 |      2 |   3000 |   4 |  888.8 |
               +--------+--------+--------+--------+--------+-----+--------+

Top non-repeatable levels by time:
     D:3: 1197 daAuts
     D:1: 1102 daAuts
     D:2: 1092 daAuts
     D:4: 162 daAuts
